 Dungeon Crawl Stone Soup version 0.30-a0-777-ga9a30cbeda (webtiles) character file.

Game seed: 3229571167851379584

158 horus123 the Shooter (level 5, -1/45 HPs)
             Began as a Naga Hunter on Feb 15, 2023.
             Slain by a gnoll
             ... wielding a +0 spear
              (3 damage)
             ... on level 3 of the Dungeon.
             The game lasted 00:05:23 (2641 turns).

horus123 the Shooter (Naga Hunter)                  Turns: 2641, Time: 00:05:23

Health: -1/45      AC:  7    Str: 15    XL:     5   Next: 40%
Magic:  5/5        EV:  5    Int: 10    God:
Gold:   101        SH:  0    Dex: 20    Spells: 4/4 levels left

rFire   . . .      SeeInvis +    h - +0 flail
rCold   . . .      Faith    .    (no shield)
rNeg    . . .      Spirit   .    g - +0 chain mail
rPois   +          Reflect  .    (no helmet)
rElec   .          Harm     .    f - +0 cloak
rCorr   .          Rampage  .    (no gloves)
Will    .....                    (no barding) Stlth
                                 (no amulet)
HPRegen 0.27/turn                l - +6 ring of dexterity
MPRegen 0.09/turn                (no ring)

@: very slow
A: AC +1, large, see invisible, deformed body, poison resistance, slowness 2,
spit poison 1, naga tail 1
a: Spit Poison


You were on level 3 of the Dungeon.
You visited 1 branch of the dungeon, and saw 3 of its levels.

You collected 101 gold pieces.

Inventory:

Hand Weapons
 a - a +0 shortbow
 h - a +0 flail (weapon)
 o - a +0 sling
Armour
 c - a +0 leather armour
 f - a +0 cloak (worn)
 g - a +0 chain mail (worn)
Jewellery
 l - a +6 ring of dexterity (left hand)
Scrolls
 b - a scroll of immolation
 d - 2 scrolls of identify {unknown}
 e - a scroll of summoning {unknown}
 i - a scroll of fear {unknown}
 j - 3 scrolls of teleportation {unknown}
 p - a scroll of amnesia {unknown}
 q - a scroll of magic mapping {unknown}
Potions
 k - a potion of lignification
 m - a potion of heal wounds
 n - a potion of resistance {unknown}
 r - a potion of berserk rage {unknown}


   Skills:
 - Level 2.0 Fighting
 + Level 3.0 Maces & Flails
 - Level 4.1 Ranged Weapons
 - Level 2.3 Armour
 - Level 1.5 Dodging
 - Level 1.5 Stealth


You had 4 spell levels left.
You didn't know any spells.
Your spell library was empty.

Dungeon Overview and Level Annotations

Branches:
Dungeon (3/15)

Altars:


Innate Abilities, Weirdness & Mutations

Your serpentine skin is tough. (AC +1)
You have supernaturally acute eyesight. (SInv)
Armour fits poorly on your strangely shaped body.
Your system is resistant to poisons. (rPois)
You cover ground very slowly.
You can spit poison.
You have a snake-like lower body.


Message History

The orc hits you with a +0 whip.
You sock the orc!
You kill the orc!
The endoplasm hits you. The gnoll hits you but does no damage.
Your Maces & Flails skill increases to level 3!
You sock the endoplasm!
You kill the endoplasm!
The gnoll completely misses you. The gnoll hits you but does no damage.
The gnoll hits you from afar with a +0 spear.
The gnoll hits you but does no damage.
The gnoll hits you from afar with a +0 spear.
The gnoll barely misses you. The goblin attacks as you move away!
The goblin hits you with a +0 club. The goblin attacks as you move away!
The goblin hits you but does no damage.
You hit the goblin.
The goblin is severely wounded.
The goblin hits you with a +0 club. The gnoll hits you but does no damage.
The goblin closely misses you.
The gnoll hits you from afar with a +0 spear.
You miss the goblin.
The goblin is severely wounded.
The goblin hits you with a +0 club.
* * * LOW HITPOINT WARNING * * *
The gnoll hits you but does no damage.
You sock the goblin!
You kill the goblin!
The gnoll hits you from afar with a +0 spear!
* * * LOW HITPOINT WARNING * * *
The gnoll barely misses you. The gnoll hits you with a +0 spear.
* * * LOW HITPOINT WARNING * * *
Things that are here:
a +0 club; a goblin corpse You sock the gnoll!
The gnoll is severely wounded.
The gnoll barely misses you.
You closely miss the gnoll.
The gnoll is severely wounded.
The gnoll hits you with a +0 spear.
You die...

#####.................#.#
................#.#.#...#
..##................#####
..##........[......##
####..........))...#
...................#
####............)..#
##.............###
##.....#...g@.).#
##....######.#.## #....#
#.#))# #######....#
#..#.# ...........#
###....##### ...........#
#..........# #######....#
#..........# #....#
#..........# #....#
#......<...#


You could see a gnoll.

Vanquished Creatures
  An orc wizard (D:3)
  4 adders
  A worm (D:2)
  2 dart slugs
  10 orcs
  4 ball pythons
  4 bats
  10 endoplasms
  A giant cockroach (D:1)
  7 goblins
  4 hobgoblins
  3 jackals (D:1)
  8 kobolds
  6 quokkas
  A frilled lizard (D:1)
  7 rats
73 creatures vanquished.

Notes
Turn   | Place    | Note
-------+----------+-------------------------------------------
     0 | D:1      | horus123 the Naga Hunter began the quest for the Orb.
     0 | D:1      | Reached XP level 1. HP: 19/19 MP: 1/1
   108 | D:1      | Reached skill level 4 in Ranged Weapons
   108 | D:1      | Reached XP level 2. HP: 26/26 MP: 2/2
   586 | D:1      | Reached skill level 1 in Armour
   594 | D:1      | Reached XP level 3. HP: 27/32 MP: 3/3
  1320 | D:2      | Reached XP level 4. HP: 14/39 MP: 4/4
  2220 | D:3      | Reached skill level 1 in Maces & Flails
  2337 | D:3      | Reached XP level 5. HP: 40/45 MP: 5/5
  2639 | D:3      | HP: 2/45 [gnoll/+0 spear (3)]
  2641 | D:3      | Slain by a gnoll

Illustrated notes

Levels and vault maps discovered:
D:1:      scummos_arrival_forest, layout_basic, minmay_misc_feat_roman,
          minmay_misc_feat_x, nrook_loot_triangle
D:2:      layout_loops_ring, serial_forest, infiniplex_forest_clump_medium,
          infiniplex_forest_lined_1, infiniplex_forest_clump_small,
          infiniplex_forest_zigzag_2, infiniplex_forest_fountain,
          infiniplex_forest_lined_room_3
D:3:      minmay_recursive_quarters, layout_rooms, minmay_misc_feat_five

Skill      XL: |  1  2  3  4  5 |
---------------+----------------+-----
Ranged Weapons | 4 |  4.1
Armour         | 1 2 |  2.3
Maces & Flails | 2 3 |  3.0
Fighting       | |  2.0
Dodging        | |  1.5
Stealth        | |  1.5

Action                     |  1- 3 |  4- 6 || total
---------------------------+-------+-------++-------
  Melee: Flail             |       |    54 ||    54
         Punch             |       |     2 ||     2
   Fire: Shortbow          |   112 |    40 ||   152
Ability: Spit Poison       |     9 |     6 ||    15
    Use: Potion            |       |     3 ||     3
 Armour: Leather armour    |    33 |       ||    33
         Chain mail        |       |    74 ||    74
         Skin              |       |     9 ||     9
  Dodge: Dodged            |    73 |    40 ||   113

Table legend: (Time is in decaauts)
 A = Elapsed time spent in this place.
 B = Non-inter-level travel time spent in this place.
 C = Inter-level travel time spent in this place.
 D = Time resting spent in this place.
 E = Time spent auto-exploring this place.
 F = Levels seen in this place.
 G = Mean time per level.
                   A        B        C        D        E       F      G
               +--------+--------+--------+--------+--------+-----+--------+
         Total |   3352 |   3287 |     65 |    458 |   2153 |   3 | 1117.3 |
       Dungeon |   3352 |   3287 |     65 |    458 |   2153 |   3 | 1117.3 |
               +--------+--------+--------+--------+--------+-----+--------+

Top non-repeatable levels by time:
     D:2: 1514 daAuts
     D:1: 1246 daAuts
     D:3: 592 daAuts
